 Dungeon Crawl Stone Soup version 0.18.1-48-g4cf74bf (webtiles) character file.

94 poirepourri the Grave Robber (level 4, 0/24 HPs)
             Began as a Deep Elf Necromancer on July 6, 2016.
             Slain by Robin
             ... wielding a +0 dagger
              (2 damage)
             ... on level 2 of the Dungeon.
             The game lasted 00:03:36 (2273 turns).

poirepourri the Grave Robber (Deep Elf Necromancer) Turns: 2273, Time: 00:03:37

Health: 0/24       AC:  2    Str:  5    XL:     4   Next: 38%
Magic:  2/12       EV: 13    Int: 21    God:
Gold:   28         SH:  0    Dex: 15    Spells: 4 memorised, 3 levels left

rFire  . . .     SeeInvis .     f - +0 short sword
rCold  . . .     Gourm    .     a - +0 robe
rNeg   . . .     Faith    .     (no shield)
rPois  .         Spirit   .     (no helmet)
rElec  .         Dismiss  .     (no cloak)
rCorr  .         Reflect  .     (no gloves)
SustAt .         Harm     .     (no boots)
MR     .....     Rnd*Tele +     e - amulet of magic regeneration
Stlth  ++........               (no ring)
                                g - ring of teleportation (curse)

@: not resistant to hostile enchantments, unstealthy
A: no striking features
a: no special abilities


You were on level 2 of the Dungeon.
You were not hungry.

You visited 1 branch of the dungeon, and saw 2 of its levels.

You collected 28 gold pieces.

Inventory:

Hand Weapons
 f - a +0 short sword (weapon)
Armour
 a - a +0 robe (worn)
Jewellery
 e - an amulet of magic regeneration (around neck)
 g - a cursed ring of teleportation (left hand)
Books
 b - a book of Necromancy

   Spells                             Type                      Level
   a - Pain                           Necromancy                   1
   b - Animate Skeleton               Necromancy                   1
   c - Vampiric Draining              Necromancy                   3
   d - Regeneration                   Charms/Necromancy            3
   e - Animate Dead                   Necromancy                   4
   f - Control Undead                 Necromancy                   4
Comestibles
 c - a bread ration
 h - a meat ration


   Skills:
 + Level 0.1 Fighting
 * Level 0.4 Armour
 + Level 2.7 Dodging
 + Level 2.8 Stealth
 + Level 4.0 Spellcasting
 + Level 6.1 Necromancy


You had 3 spell levels left.
You knew the following spells:

 Your Spells              Type           Power        Failure   Level  Hunger
a - Pain                  Necr           ####         1%          1    None
b - Animate Skeleton      Necr           N/A          1%          1    None
c - Vampiric Draining     Necr           ####......   2%          3    ###....
d - Regeneration          Chrm/Necr      ###.......   12%         3    ###....


Dungeon Overview and Level Annotations

Branches:
Dungeon (2/15)

Altars:

Annotations:
D:2 Robin


Message History

Press: ? - help, Shift-Dir - straight line, f/p - Robin
Aim: Robin, wielding a dagger, wearing an animal skin and wearing a helmet (moderately wounded, chance to defeat MR: 89%) Robin convulses in agony!
Casting: Pain
Confirm with . or Enter, or press ? or * to list all spells.
Aiming: Pain
Press: ? - help, Shift-Dir - straight line, f/p - Robin
Aim: Robin, wielding a dagger, wearing an animal skin and wearing a helmet (heavily wounded, chance to defeat MR: 89%) Robin convulses in agony!
Robin hits you with a dagger.
* * * LOW HITPOINT WARNING * * *
Unknown command.
Casting: Pain
Confirm with . or Enter, or press ? or * to list all spells.
Aiming: Pain
Press: ? - help, Shift-Dir - straight line, f/p - Robin
Aim: Robin, wielding a dagger, wearing an animal skin and wearing a helmet (heavily wounded, chance to defeat MR: 89%) Robin convulses in agony!
Robin says, "Feeling lonely?"
Robin hits you with a dagger.
You die...

#g# #g# #.# #g# #g#
#### #####.# ...#+#
......########+#.....
######...........#
######...g.g..gg@+.J
.....#(...g..g..†#..
.....#...............
......................
.....#......(....#..l..
.................#.....
.................#.....
####.........†...# ....
.................#


You could see Robin, 4 hobgoblins and a goblin.

Vanquished Creatures
  Ijyb (D:2)
  An adder (D:2)
  A worm (D:2)
  A dart slug (D:1)
  3 giant geckos
  2 giant cockroaches (D:1)
  9 goblins
  7 hobgoblins
  8 jackals (D:1)
  A kobold (D:1)
  6 bats
  3 giant newts
  4 rats
47 creatures vanquished.

Notes
Turn   | Place    | Note
--------------------------------------------------------------
     0 | D:1      | poirepourri the Deep Elf Necromancer began the quest for the Orb.
     0 | D:1      | Reached XP level 1. HP: 10/10 MP: 6/6
    50 | D:1      | Reached skill level 5 in Necromancy
   298 | D:1      | Reached XP level 2. HP: 14/15 MP: 5/8
   648 | D:1      | Learned a level 1 spell: Animate Skeleton
   801 | D:1      | Reached XP level 3. HP: 10/19 MP: 1/9
  1136 | D:1      | Learned a level 3 spell: Vampiric Draining
  1140 | D:1      | Learned a level 3 spell: Regeneration
  1564 | D:2      | Noticed Ijyb
  1571 | D:2      | Killed Ijyb
  1589 | D:2      | Reached XP level 4. HP: 18/24 MP: 2/12
  1855 | D:2      | Reached skill level 6 in Necromancy
  2240 | D:2      | Noticed Robin
  2272 | D:2      | HP: 1/24 [Robin/dagger (5)]
  2273 | D:2      | Slain by Robin

Skill      XL: |  1  2  3  4 |
---------------+-------------+-----
Necromancy     | 5 6 |  6.1
Spellcasting   | 4 |  4.0
Fighting       | |  0.1
Armour         | |  0.4
Dodging        | |  2.7
Stealth        | |  2.8

Action                   |  1- 3 |  4- 6 || total
-------------------------+-------+-------++-------
Melee: Unarmed           |     1 |       ||     1
 Cast: Pain              |    54 |    31 ||    85
       Regeneration      |     2 |       ||     2
  Use: Scroll            |     3 |     3 ||     6
  Eat: Bread ration      |     1 |       ||     1
Armor: Robe              |     3 |     4 ||     7
Dodge: Dodged            |    12 |    12 ||    24
